 Dungeon Crawl Stone Soup version 0.30-a0-738-g116ff8c4af (webtiles) character file.

Game seed: 11131041806135616780

4280 mopl the Basher (level 10, -7/82 HPs)
             Began as a Gnoll Cinder Acolyte on Feb 3, 2023.
             Was a High Priest of Ignis.
             Mangled by Snorg (14 damage)
             ... on level 10 of the Dungeon.
             The game lasted 00:12:17 (8413 turns).

mopl the Basher (Gnoll Cinder Acolyte)              Turns: 8413, Time: 00:12:18

Health: -7/82      AC: 14    Str: 17    XL:     10   Next: 32%
Magic:  19/19      EV: 13    Int: 14    God:    Ignis [*****.]
Gold:   364        SH:  0    Dex:  8    Spells: 21/21 levels left

rFire   + . .      SeeInvis .    a - -1 mace (flame)
rCold   . . .      Faith    .    (no shield)
rNeg    . . .      Spirit   .    d - +0 chain mail
rPois   .          Reflect  .    N - +2 hat
rElec   .          Harm     .    (no cloak)
rCorr   +          Rampage  .    G - +0 pair of gloves
Will    .....                    K - +0 pair of boots Stlth
                                 B - amulet of regeneration
HPRegen 1.13/turn                v - +5 ring of evasion
MPRegen 0.16/turn                y - ring of resist corrosion

@: no status effects
A: fangs 1, strong nose, distributed training
a: Renounce Religion, Fiery Armour, Foxfire Swarm, Rising Flame


You were on level 10 of the Dungeon.
You worshipped Ignis.
Ignis was extremely pleased with you.
You visited 1 branch of the dungeon, and saw 10 of its levels.
You also visited: Ossuary.

You collected 508 gold pieces.
You spent 144 gold pieces at shops.

Inventory:

Hand Weapons
 a - a -1 mace of flaming (weapon)
 i - a +0 flail of protection
 q - a +0 antimagic shortbow
 H - a +0 battleaxe
 J - a +0 falchion of holy wrath
 L - a +0 morningstar
 Y - a +0 arbalest
Missiles
 h - 15 poisoned darts (quivered)
 t - 8 boomerangs
 U - a throwing net
Armour
 d - a +0 chain mail (worn)
 G - a +0 pair of gloves (worn)
 K - a +0 pair of boots (worn)
 N - a +2 hat (worn)
Magical Staves
 R - a staff of air
 X - a staff of earth
Jewellery
 e - an amulet of the acrobat
 v - a +5 ring of evasion (left hand)
 y - a ring of resist corrosion (right hand)
 B - an amulet of regeneration (around neck)
 Z - an amulet of reflection
Wands
 z - a wand of iceblast (5)
 M - a wand of charming (6)
 Q - a wand of flame (41)
 T - a wand of digging (7)
Scrolls
 b - 9 scrolls of teleportation {unknown}
 c - 3 scrolls of fog {unknown}
 f - a scroll of brand weapon {unknown}
 g - a scroll of acquirement {unknown}
 s - a scroll of fear {unknown}
 x - a scroll of amnesia {unknown}
 C - a scroll of torment {unknown}
 E - 2 scrolls of magic mapping {unknown}
 F - 2 scrolls of vulnerability {unknown}
 I - 3 scrolls of enchant weapon {unknown}
 O - 3 scrolls of immolation {unknown}
 P - a scroll of enchant armour {unknown}
 S - 2 scrolls of blinking {unknown}
Potions
 j - 2 potions of invisibility
 k - 2 potions of mutation {!q}
 l - 2 potions of resistance
 m - 6 potions of haste
 n - 4 potions of heal wounds
 o - 4 potions of flight {unknown}
 p - 9 potions of curing {unknown}
 r - 3 potions of might {unknown}
 u - a potion of ambrosia
 w - a potion of berserk rage {!q}
 A - a potion of lignification {!q}
 D - 2 potions of cancellation
 V - a potion of magic
Miscellaneous
 W - a phantom mirror (inert)


   Skills:
 + Level 8.5 Fighting
 + Level 5.3 Short Blades
 + Level 5.3 Long Blades
 + Level 5.3 Axes
 + Level 8.5 Maces & Flails
 + Level 5.3 Polearms
 + Level 5.3 Staves
 + Level 5.3 Ranged Weapons
 + Level 5.3 Throwing
 + Level 5.3 Armour
 + Level 5.3 Dodging
 + Level 5.3 Stealth
 + Level 5.3 Shields
 + Level 5.3 Unarmed Combat
 + Level 6.1 Spellcasting
 + Level 4.4 Conjurations
 + Level 4.4 Hexes
 + Level 4.4 Summonings
 + Level 4.4 Necromancy
 + Level 4.4 Translocations
 + Level 4.4 Transmutations
 + Level 7.1 Fire Magic
 + Level 4.4 Ice Magic
 + Level 4.4 Air Magic
 + Level 4.4 Earth Magic
 + Level 4.4 Poison Magic
 + Level 5.9 Invocations
 + Level 5.3 Evocations


You had 21 spell levels left.
You didn't know any spells.
Your spell library contained the following spells:

 Spells                   Type           Power      Damage    Failure   Level
 Scorch                   Fire           48%        2d7       16%         2
 Kiss of Death            Conj/Necr      64%        2d10      32%         1
 Summon Small Mammal      Summ           64%        N/A       32%         1
 Sublimation of Blood     Necr           16%        N/A       45%         2
 Call Canine Familiar     Summ           16%        N/A       69%         3
 Confusing Touch          Hex            16%        N/A       69%         3
 Summon Guardian Golem    Hex/Summ       16%        N/A       69%         3
 Dispel Undead            Necr           16%        3d10      97%         4
 Petrify                  Tmut/Erth      16%        N/A       97%         4
 Irradiate                Conj/Tmut      8%         3d14      100%        5


Dungeon Overview and Level Annotations

Branches:
Dungeon (10/15)            Temple (0/1) D:4            Lair (0/5) D:8
Ossuary (visited)
    Orc: D:9-12

Altars:
Ashenzari
Dithmenos
Gozag
Hepliaklqana
Okawaru
Ru
Sif Muna
Vehumet
The Shining One

Shops:
D:1 (   D:2 *

Annotations:
D:6 2 runed translucent doors, wogdood's ghost, novice OpEE
D:10 Snorg


Innate Abilities, Weirdness & Mutations

You have very sharp teeth.
Your uncanny sense of smell can sniff out nearby items.
Your experience applies equally to all skills.


Message History

Aim: Snorg (lightly wounded, ally target, 62% to hit)
You throw a poisoned dart. The poisoned dart hits Snorg!
Snorg is poisoned.
Snorg is lightly wounded.
Unknown command.
Throw: 16 darts (poison)
Press: ? - help, Q - select action, (/) - cycle Shift-Dir - straight line, f/p - Snorg
Aim: Snorg (lightly wounded, very poisoned, ally target, 62% to hit)
You throw a poisoned dart. The poisoned dart hits Snorg.
Snorg looks as sick as possible!
Snorg is lightly wounded.
Snorg misses Snorg.
Snorg claws Snorg. x2
Unknown command.
You closely miss Snorg.
Snorg is lightly wounded.
Snorg bites you but does no damage. Snorg claws you. Snorg closely misses you.
You sock Snorg! You burn Snorg. You bite Snorg.
Snorg is moderately wounded.
Snorg bites Snorg!
Snorg barely misses Snorg.
Snorg claws Snorg.
Snorg goes berserk!
You hit Snorg. You burn Snorg. Your punch misses Snorg.
You bite Snorg, but do no damage.
Snorg is heavily wounded.
Snorg bites you. Snorg misses you. Snorg barely misses you.
Snorg bites Snorg!
Snorg barely misses Snorg. x2
You closely miss Snorg. Your bite misses Snorg.
Snorg is heavily wounded.
Snorg shimmers and vanishes!
Snorg bites you!! Snorg claws you! Snorg claws you. Snorg bites you.
Snorg claws you!
* * * LOW HITPOINT WARNING * * *
Snorg misses you.
You are too injured to fight recklessly!
You are too injured to fight recklessly!
Aiming: Charm
Press: ? - help, Shift-Dir - straight line, f/p - Snorg
Aim: Snorg (heavily wounded, berserk, very poisoned, chance to affect: 28%) Snorg easily resists.
Snorg bites you!
* * * LOW HITPOINT WARNING * * *
Snorg claws you!
You die...

......
............
...... ...../....
...... ........#
...... ....... ∆
...... .....## ..
...... .(...# .#
.....## #T##.##.#
##... #
#@##.##.###.<.
#.##.#.......#
#............#
####.#.#.##..#
#...#.##..#####
######.#.# #.....#
#........###.###..
#.............####
#).....####....# #


You could see Snorg (berserk, very poisoned).

Vanquished Creatures
  Prince Ribbit (D:7)
  4 wyverns
  A steam dragon (D:8)
  An acid dragon (D:9)
  2 water moccasins
  A black bear (D:4)
  An orc warrior (D:7)
  3 sky beasts
  2 ice beasts
  An ogre (D:6)
  2 centaurs (D:8)
  3 phantoms
  Blork the orc (D:5)
  2 bullfrogs
  2 necrophages
  4 scorpions
  6 killer bees (D:9)
  2 howler monkeys
  2 centaur zombies (Ossuary)
  2 jellies
  2 hounds
  A human zombie (Ossuary)
  7 orc priests
  A gnoll bouda (D:4)
  3 iguanas
  8 orc wizards
  3 mummies
  4 gnolls
  5 adders
  4 ufetubi
  2 adder zombies (Ossuary)
  8 worms
  3 dart slugs
  19 orcs
  11 endoplasms
  4 giant cockroaches
  7 goblins
  9 hobgoblins
  2 quokkas
  10 ball pythons
  8 bats
  5 frilled lizards
  10 hobgoblin zombies (Ossuary)
  2 jackal zombies (Ossuary)
  5 kobolds
  8 kobold zombies (Ossuary)
  10 orc zombies (Ossuary)
  6 rats
  2 rat zombies (Ossuary)
212 creatures vanquished.

Vanquished Creatures (others)
  An orc (D:4)
  2 plants (D:7)
3 creatures vanquished.

Grand Total: 215 creatures vanquished

Notes
Turn   | Place    | Note
-------+----------+-------------------------------------------
     0 | D:1      | mopl the Gnoll Cinder Acolyte began the quest for the Orb.
     0 | D:1      | Reached XP level 1. HP: 23/23 MP: 4/4
   234 | D:1      | Reached XP level 2. HP: 29/29 MP: 5/5
   350 | D:1      | Found Kexonle's Antique Weapon Boutique.
   650 | D:1      | Reached XP level 3. HP: 35/35 MP: 7/7
   786 | D:2      | Reached skill level 1 in Invocations
   818 | D:2      | Reached skill level 1 in Short Blades
   818 | D:2      | Reached skill level 1 in Long Blades
   818 | D:2      | Reached skill level 1 in Axes
   818 | D:2      | Reached skill level 1 in Polearms
   818 | D:2      | Reached skill level 1 in Staves
   818 | D:2      | Reached skill level 1 in Ranged Weapons
   818 | D:2      | Reached skill level 1 in Throwing
   818 | D:2      | Reached skill level 1 in Armour
   818 | D:2      | Reached skill level 1 in Dodging
   818 | D:2      | Reached skill level 1 in Stealth
   818 | D:2      | Reached skill level 1 in Shields
   818 | D:2      | Reached skill level 1 in Unarmed Combat
   818 | D:2      | Reached skill level 1 in Evocations
  1022 | D:2      | Found a broken altar of Ashenzari.
  1130 | D:2      | Reached XP level 4. HP: 41/41 MP: 8/8
  1264 | D:2      | Found Vivot's Assorted Antiques.
  1272 | D:2      | Bought a black potion for 22 gold pieces
  1272 | D:2      | Bought a fuming pink potion for 22 gold pieces
  1272 | D:2      | Bought a scroll labelled OQEANT QIENTE for 25 gold pieces
  1458 | D:2      | Reached skill level 3 in Spellcasting
  1724 | D:3      | Found a faded altar of an unknown god.
  2019 | D:3      | Reached skill level 1 in Conjurations
  2019 | D:3      | Reached skill level 1 in Hexes
  2019 | D:3      | Reached skill level 1 in Summonings
  2019 | D:3      | Reached skill level 1 in Necromancy
  2019 | D:3      | Reached skill level 1 in Translocations
  2019 | D:3      | Reached skill level 1 in Transmutations
  2019 | D:3      | Reached skill level 1 in Ice Magic
  2019 | D:3      | Reached skill level 1 in Air Magic
  2019 | D:3      | Reached skill level 1 in Earth Magic
  2019 | D:3      | Reached skill level 1 in Poison Magic
  2029 | D:3      | Reached XP level 5. HP: 13/47 MP: 9/9
  2461 | D:2      | Bought a scroll labelled YWUOCIEHOR for 25 gold pieces
  2461 | D:2      | Bought a scroll labelled NATIMAU CAAM for 25 gold pieces
  2693 | D:4      | Noticed a black bear
  2715 | D:4      | Killed a black bear
  2716 | D:4      | Reached skill level 2 in Short Blades
  2716 | D:4      | Reached skill level 2 in Long Blades
  2716 | D:4      | Reached skill level 2 in Axes
  2716 | D:4      | Reached skill level 2 in Polearms
  2716 | D:4      | Reached skill level 2 in Staves
  2716 | D:4      | Reached skill level 2 in Ranged Weapons
  2716 | D:4      | Reached skill level 2 in Throwing
  2716 | D:4      | Reached skill level 2 in Armour
  2716 | D:4      | Reached skill level 2 in Dodging
  2716 | D:4      | Reached skill level 2 in Stealth
  2716 | D:4      | Reached skill level 2 in Shields
  2716 | D:4      | Reached skill level 2 in Unarmed Combat
  2716 | D:4      | Reached skill level 2 in Invocations
  2716 | D:4      | Reached skill level 2 in Evocations
  2716 | D:4      | Reached XP level 6. HP: 29/53 MP: 9/11
  2874 | D:4      | Found a sand-covered staircase.
  2880 | Ossuary  | Entered an ossuary
  3084 | Ossuary  | Reached skill level 7 in Fighting
  3084 | Ossuary  | Reached skill level 7 in Maces & Flails
  3084 | Ossuary  | Reached XP level 7. HP: 60/60 MP: 12/12
  3200 | D:4      | Reached skill level 2 in Conjurations
  3200 | D:4      | Reached skill level 2 in Hexes
  3200 | D:4      | Reached skill level 2 in Summonings
  3200 | D:4      | Reached skill level 2 in Necromancy
  3200 | D:4      | Reached skill level 2 in Translocations
  3200 | D:4      | Reached skill level 2 in Transmutations
  3200 | D:4      | Reached skill level 2 in Ice Magic
  3200 | D:4      | Reached skill level 2 in Air Magic
  3200 | D:4      | Reached skill level 2 in Earth Magic
  3200 | D:4      | Reached skill level 2 in Poison Magic
  3356 | D:4      | Found a staircase to the Ecumenical Temple.
  3475 | D:4      | Found an iron altar of Okawaru.
  3619 | D:4      | Found a broken altar of Ashenzari.
  3754 | D:2      | Bought a scroll labelled YWUOCIEHOR for 25 gold pieces
  3827 | D:5      | Entered Level 5 of the Dungeon
  3963 | D:4      | Reached skill level 3 in Invocations
  4006 | D:5      | Reached skill level 4 in Spellcasting
  4106 | D:5      | Noticed Blork the orc
  4128 | D:5      | Killed Blork the orc
  4129 | D:5      | Reached skill level 6 in Fire Magic
  4220 | D:5      | Reached skill level 3 in Short Blades
  4220 | D:5      | Reached skill level 3 in Long Blades
  4220 | D:5      | Reached skill level 3 in Axes
  4220 | D:5      | Reached skill level 3 in Polearms
  4220 | D:5      | Reached skill level 3 in Staves
  4220 | D:5      | Reached skill level 3 in Ranged Weapons
  4220 | D:5      | Reached skill level 3 in Throwing
  4220 | D:5      | Reached skill level 3 in Armour
  4220 | D:5      | Reached skill level 3 in Dodging
  4220 | D:5      | Reached skill level 3 in Stealth
  4220 | D:5      | Reached skill level 3 in Shields
  4220 | D:5      | Reached skill level 3 in Unarmed Combat
  4220 | D:5      | Reached skill level 3 in Evocations
  4220 | D:5      | Reached XP level 8. HP: 66/67 MP: 14/14
  4701 | D:5      | Found a glowing golden altar of the Shining One.
  5061 | D:6      | Reached skill level 4 in Invocations
  5069 | D:6      | Found a runed translucent door.
  5072 | D:6      | Noticed wogdood's ghost (novice OpEE)
  5101 | D:6      | Reached skill level 3 in Conjurations
  5101 | D:6      | Reached skill level 3 in Hexes
  5101 | D:6      | Reached skill level 3 in Summonings
  5101 | D:6      | Reached skill level 3 in Necromancy
  5101 | D:6      | Reached skill level 3 in Translocations
  5101 | D:6      | Reached skill level 3 in Transmutations
  5101 | D:6      | Reached skill level 3 in Ice Magic
  5101 | D:6      | Reached skill level 3 in Air Magic
  5101 | D:6      | Reached skill level 3 in Earth Magic
  5101 | D:6      | Reached skill level 3 in Poison Magic
  5282 | D:6      | Reached XP level 9. HP: 56/73 MP: 16/16
  5459 | D:6      | Reached skill level 4 in Short Blades
  5459 | D:6      | Reached skill level 4 in Long Blades
  5459 | D:6      | Reached skill level 4 in Axes
  5459 | D:6      | Reached skill level 4 in Polearms
  5459 | D:6      | Reached skill level 4 in Staves
  5459 | D:6      | Reached skill level 4 in Ranged Weapons
  5459 | D:6      | Reached skill level 4 in Throwing
  5459 | D:6      | Reached skill level 4 in Armour
  5459 | D:6      | Reached skill level 4 in Dodging
  5459 | D:6      | Reached skill level 4 in Stealth
  5459 | D:6      | Reached skill level 4 in Shields
  5459 | D:6      | Reached skill level 4 in Unarmed Combat
  5459 | D:6      | Reached skill level 4 in Evocations
  5654 | D:6      | Found a shimmering blue altar of Sif Muna.
  5676 | D:6      | Reached skill level 5 in Spellcasting
  5708 | D:6      | Found a runed translucent door.
  5977 | D:7      | Found a sacrificial altar of Ru.
  6020 | D:7      | Noticed Prince Ribbit
  6022 | D:7      | Found a shadowy altar of Dithmenos.
  6055 | D:7      | Killed Prince Ribbit
  6056 | D:7      | Reached skill level 8 in Fighting
  6056 | D:7      | Reached skill level 8 in Maces & Flails
  6271 | D:7      | Reached skill level 5 in Invocations
  6344 | D:7      | Found a hazy altar of Hepliaklqana.
  6506 | D:7      | Found an opulent altar of Gozag.
  6793 | D:8      | Found a radiant altar of Vehumet.
  6832 | D:8      | Reached skill level 4 in Conjurations
  6832 | D:8      | Reached skill level 4 in Hexes
  6832 | D:8      | Reached skill level 4 in Summonings
  6832 | D:8      | Reached skill level 4 in Necromancy
  6832 | D:8      | Reached skill level 4 in Translocations
  6832 | D:8      | Reached skill level 4 in Transmutations
  6832 | D:8      | Reached skill level 4 in Ice Magic
  6832 | D:8      | Reached skill level 4 in Air Magic
  6832 | D:8      | Reached skill level 4 in Earth Magic
  6832 | D:8      | Reached skill level 4 in Poison Magic
  6834 | D:8      | Found a staircase to the Lair.
  7022 | D:8      | Reached skill level 5 in Short Blades
  7022 | D:8      | Reached skill level 5 in Long Blades
  7022 | D:8      | Reached skill level 5 in Axes
  7022 | D:8      | Reached skill level 5 in Polearms
  7022 | D:8      | Reached skill level 5 in Staves
  7022 | D:8      | Reached skill level 5 in Ranged Weapons
  7022 | D:8      | Reached skill level 5 in Throwing
  7022 | D:8      | Reached skill level 5 in Armour
  7022 | D:8      | Reached skill level 5 in Dodging
  7022 | D:8      | Reached skill level 5 in Stealth
  7022 | D:8      | Reached skill level 5 in Shields
  7022 | D:8      | Reached skill level 5 in Unarmed Combat
  7022 | D:8      | Reached skill level 5 in Evocations
  7022 | D:8      | Reached XP level 10. HP: 25/81 MP: 18/18
  7099 | D:8      | Reached skill level 7 in Fire Magic
  7525 | D:9      | Reached skill level 6 in Spellcasting
  8246 | D:10     | Entered Level 10 of the Dungeon
  8402 | D:10     | Noticed Snorg
  8413 | D:10     | Mangled by Snorg

Illustrated notes

Levels and vault maps discovered:
D:1:      eino_arrival_water_cross, layout_basic, serial_shops,
          nicolae_diamond_shop
D:2:      kennysheep_six_static_rooms, layout_basic, serial_shops,
          shop_fountains, basic_altar, grunt_ministairs_14
D:3:      layout_basic, basic_ecumenical_altar
D:4:      layout_loops_cross, lemuel_coloured_pillars_altar, marbit_many_paths,
          temple_pool_b, gup_ossuary_entry_pyramid, nicolae_wormholes
D:5:      layout_loops_ring, tso_altar, uniq_blork_the_orc
D:6:      layout_basic, mainiacjoe_overflow_boulevard, ebering_ghost_sewer_f
D:7:      minmay_evil_eye, layout_basic, nicolae_hepliaklqana_hazy_memory,
          nicolae_dithmenos_shadow_blocks, mainiacjoe_overflow_24_doors,
          lemuel_doored_altar, uniq_prince_ribbit1
D:8:      layout_cave_pools, vehumet_crystals, lair_entry_dummy,
          minmay_misc_feat_pillars, hex_large
D:9:      layout_loops_ring, minmay_misc_feat_rugged
D:10:     layout_rooms, uniq_maggie, uniq_snorg

Skill      XL: |  1  2  3  4  5  6  7  8  9 10 |
---------------+-------------------------------+-----
Invocations    | 1 2 3 4 5 |  5.9
Short Blades   | 1 2 3 5 |  5.3
Long Blades    | 1 2 3 5 |  5.3
Axes           | 1 2 3 5 |  5.3
Polearms       | 1 2 3 5 |  5.3
Staves         | 1 2 3 5 |  5.3
Ranged Weapons | 1 2 3 5 |  5.3
Throwing       | 1 2 3 5 |  5.3
Armour         | 1 2 3 5 |  5.3
Dodging        | 1 2 3 5 |  5.3
Stealth        | 1 2 3 5 |  5.3
Shields        | 1 2 3 5 |  5.3
Unarmed Combat | 1 2 3 5 |  5.3
Evocations     | 1 2 3 5 |  5.3
Spellcasting   | 3 4 5 6 |  6.1
Conjurations   | 1 2 3 4 |  4.4
Hexes          | 1 2 3 4 |  4.4
Summonings     | 1 2 3 4 |  4.4
Necromancy     | 1 2 3 4 |  4.4
Translocations | 1 2 3 4 |  4.4
Transmutations | 1 2 3 4 |  4.4
Ice Magic      | 1 2 3 4 |  4.4
Air Magic      | 1 2 3 4 |  4.4
Earth Magic    | 1 2 3 4 |  4.4
Poison Magic   | 1 2 3 4 |  4.4
Fighting       | 7 8 |  8.5
Maces & Flails | 7 8 |  8.5
Fire Magic     | 6 7 |  7.1

Action                     |  1- 3 |  4- 6 |  7- 9 | 10-12 || total
---------------------------+-------+-------+-------+-------++-------
  Melee: Mace              |   114 |   271 |   615 |   177 ||  1177
         Bite              |     6 |    27 |    65 |    20 ||   118
         Punch             |     2 |     3 |    23 |     3 ||    31
  Throw: Dart              |       |       |       |     2 ||     2
  Evoke: Wand              |       |       |       |     3 ||     3
         Phantom mirror    |       |       |       |     1 ||     1
    Use: Scroll            |       |       |     9 |     2 ||    11
         Potion            |       |       |     2 |       ||     2
 Armour: Chain mail        |    66 |   197 |   319 |    87 ||   669
  Dodge: Dodged            |    39 |   272 |   397 |   136 ||   844

Table legend: (Time is in decaauts)
 A = Elapsed time spent in this place.
 B = Non-inter-level travel time spent in this place.
 C = Inter-level travel time spent in this place.
 D = Time resting spent in this place.
 E = Time spent auto-exploring this place.
 F = Levels seen in this place.
 G = Mean time per level.
                   A        B        C        D        E       F      G
               +--------+--------+--------+--------+--------+-----+--------+
         Total |   8448 |   7976 |    472 |    687 |   5047 |  11 |  768.0 |
       Dungeon |   8130 |   7658 |    472 |    673 |   4980 |  10 |  813.0 |
       Ossuary |    318 |    318 |      0 |     14 |     67 |   1 |  318.0 |
               +--------+--------+--------+--------+--------+-----+--------+

Top non-repeatable levels by time:
     D:2: 1060 daAuts
     D:5: 1047 daAuts
     D:6: 1034 daAuts
     D:4: 997 daAuts
     D:9: 911 daAuts
     D:3: 852 daAuts
     D:7: 820 daAuts
     D:1: 677 daAuts
     D:8: 564 daAuts
 Ossuary: 318 daAuts
    D:10: 164 daAuts
